 Dungeon Crawl Stone Soup version 0.27.1-1-g398f81649c (webtiles) character file.

Game seed: 14562025415678955298

4514 ZARRMARR the Transmogrifier (level 10, -7/61 HPs)
             Began as an Octopode Conjurer on Sept 12, 2021.
             Was a Priest of Sif Muna.
             Mangled by a troll (15 damage)
             ... on level 10 of the Dungeon.
             The game lasted 01:13:50 (12682 turns).

ZARRMARR the Transmogrifier (Octopode Conjurer)    Turns: 12682, Time: 01:13:50

Health: -7/61      AC:  1    Str:  6    XL:     10   Next: 39%
Magic:  22/22      EV: 13    Int: 24    God:    Sif Muna [***...]
Gold:   430        SH:  0    Dex: 11    Spells: 7/13 levels left

rFire    . . .     SeeInvis +     - Unarmed
rCold    . . .     Faith    .   (shield currently unavailable)
rNeg     . . .     Spirit   .   (helmet restricted)
rPois    .         Reflect  .   u - amulet of regeneration
rElec    .         Harm     .   a - +4 ring of slaying
rCorr    +         Rampage  .   n - ring of magical power
Will     .....                  d - ring of see invisible
Stlth    ++++......             v - ring of resist corrosion
HPRegen  1.20/turn              (no ring)
MPRegen  0.18/turn              (no ring)
                                (no ring)
                                (no ring)

@: blade tentacles (expiring)
A: almost no armour, amphibious, 8 rings, camouflage 1, gelatinous body 1,
(nimble swimmer 1), tentacles
a: End Transformation, Renounce Religion, Channel Magic, Forget Spell


You were on level 10 of the Dungeon.
You worshipped Sif Muna.
Sif Muna was most pleased with you.
You had blades for main tentacles.
You visited 2 branches of the dungeon, and saw 11 of its levels.
You also visited: Ossuary.

You collected 474 gold pieces.
You spent 44 gold pieces at shops.

Inventory:

Armour
 x - the -2 hat of the Alchemist {rElec rPois rF+ rC+ rN+ Will+ rMut rCorr}
   (You found it on level 10 of the Dungeon)

   rF:        It protects you from fire.
   rC:        It protects you from cold.
   rElec:     It insulates you from electricity.
   rPois:     It protects you from poison.
   rN:        It protects you from negative energy.
   rCorr:     It protects you from acid and corrosion.
   rMut:      It protects you from mutation.
   Will:      It increases your willpower.
Jewellery
 a - a +4 ring of slaying (left blade tentacle)
 d - a ring of see invisible (on tentacle)
 n - a ring of magical power (right blade tentacle)
 u - an amulet of regeneration (around mantle)
 v - a ring of resist corrosion (on tentacle)
Wands
 w - a wand of digging (7)
Scrolls
 b - a scroll of magic mapping
 i - a scroll of enchant weapon
 k - 2 scrolls of immolation
 l - 4 scrolls of teleportation
 o - 2 scrolls of torment
 s - a scroll of enchant armour
Potions
 c - 2 potions of lignification {unknown}
 e - 2 potions of flight {unknown}
 f - 2 potions of curing {unknown}
 g - a potion of attraction {unknown}
 h - 4 potions of heal wounds {unknown}
 j - 2 potions of degeneration {unknown}
 m - a potion of brilliance {unknown}
 p - a potion of might {unknown}
 q - a potion of mutation {unknown}
 r - a potion of ambrosia {unknown}
 t - a potion of resistance {unknown}


   Skills:
 + Level 2.7 Fighting
 + Level 3.5 Dodging
 + Level 5.1 Stealth
 * Level 8.4 Unarmed Combat
 - Level 2.0 Spellcasting
 - Level 4.6 Conjurations
 + Level 10.6 Transmutations


You had 7 spell levels left.
You knew the following spells:

 Your Spells              Type           Power      Damage    Failure   Level
a - Magic Dart            Conj           96%        1d7       21%         1
b - Blade Hands           Tmut           26%        N/A       30%         5

Your spell library contained the following spells:

 Spells                   Type           Power      Damage    Failure   Level
 Searing Ray              Conj           48%        3d5       24%         2
 Foxfire                  Conj/Fire      52%        2x1d6     32%         1
 Conjure Flame            Conj/Fire      13%        6-21      54%         3
 Dazzling Flash           Conj/Hex       26%        N/A       54%         3
 Stone Arrow              Conj/Erth      26%        3d8       54%         3
 Irradiate                Conj/Tmut      19%        3d20      54%         5
 Blink                    Tloc           N/A        N/A       61%         2
 Inner Flame              Hex/Fire       2%         N/A       77%         3
 Lesser Beckoning         Tloc           1%         N/A       77%         3
 Fulminant Prism          Conj/Hex       6%         3d7       83%         4
 Iskenderun's Mystic Bla  Conj/Tloc      13%        2d5       83%         4
 Dragon Form              Tmut           26%        N/A       97%         7
 Manifold Assault         Tloc           2%         N/A       100%        5
 Starburst                Conj/Fire      6%         6d4       100%        6
 Lehudib's Crystal Spear  Conj/Erth      6%         10d3      100%        8
 Animate Armour           Summ/Erth      Unusable   N/A       N/A         4

Dungeon Overview and Level Annotations

Branches:
Dungeon (10/15)            Temple (1/1) D:4            Lair (0/6) D:8
    Orc (0/2) D:10        Ossuary (visited)

Altars:
Ashenzari
Cheibriados
Dithmenos
Elyvilon
Fedhas
Gozag
Hepliaklqana
Kikubaaqudgha
Makhleb
Nemelex Xobeh
Qazlal
Ru
Sif Muna
Trog
Uskayaw
Vehumet
Wu Jian
Yredelemnul
Zin
The Shining One

Shops:
D:3 *   D:4 :   D:5 *   D:10 *

Annotations:
D:2 exclusion: downstairs
D:3 exclusion: downstairs
D:4 Grinder
D:6 exclusions: 2 downstairs and 3 yaks
D:8 exclusion: 2 downstairs
D:9 exclusion: downstairs


Innate Abilities, Weirdness & Mutations

You have blades for main tentacles.
Your spellcasting is less reliable in this form.
You are incapable of wielding weapons or throwing items.
You cannot wear most types of armour.
You are amphibious.
You can wear up to eight rings at the same time.
Your skin changes colour to match your surroundings (Stealth+).
Your rubbery body absorbs attacks. (AC +1, EV +1)
((You are camouflaged near water. (Stealth+)))
You have tentacles for arms and can constrict up to eight enemies at once.


Message History

You start resting.
You feel sick. x4
You are no longer poisoned.
You start resting.
HP restored.
Magic restored.
Items here: ( )) †.
Okay, then.
Unknown command.
Things that are here:
a +0 giant spiked club; an ogre corpse A kobold brigand is nearby!
The kobold brigand shouts!
The kobold brigand barely misses you.
You hear a shout!
You closely miss the kobold brigand. You grab the kobold brigand.
You constrict the kobold brigand. You slice the kobold brigand!!
You squeeze the kobold brigand.
You kill the kobold brigand!
Sif Muna accepts your kill.
Things that are here:
a +0 whip; a curare-tipped dart Your transformation is almost over.
Items here: ( )) †.
There is a stone staircase leading up here.
Casting: Blade Hands (quite dangerous; 30% risk of failure)
Confirm with . or Enter, or press ? or * to list all spells.
The spell is quite dangerous to cast (30% risk of failure)!
Continue anyway?
Okay, then.
You barely miss the troll. The troll closely misses you.
The troll claws you! x2
You slash the troll!
The troll is moderately wounded.
You slice the troll!!
The troll is almost dead.
The troll bites you. The troll claws you! x2
You barely miss the troll.
The troll is almost dead.
The troll bites you!!
* * * LOW HITPOINT WARNING * * *
The troll misses you. The troll claws you!
You die...

#<####.#.#...)....#
#.O........#.##.###
#####......)#.).#
#........###.##.#
#.####..## #.##.#
#..####T##.#
#.....)....#
##.####)####
#...@T..#
###..........#
#(##..####.# #.
#<.# #. #.... #.
##.### #. .. .. ###


You could see a troll.

Vanquished Creatures
  4 yaks (D:7)
  A steam dragon (D:7)
  An acid dragon (D:7)
  An orc warrior (D:8)
  2 black bears
  4 sky beasts
  3 ogres
  A necrophage (D:7)
  2 centaurs
  An elf zombie (Ossuary)
  A bullfrog (D:7)
  5 kobold brigands
  A gnoll sergeant (D:8)
  A water moccasin skeleton (D:6)
  4 wights
  4 killer bees (D:8)
  3 howler monkeys
  2 bullfrog skeletons (D:4)
  A bullfrog zombie (D:5)
  5 centaur zombies
  4 orc priests
  3 hounds (D:5)
  2 human zombies (Ossuary)
  7 orc wizards
  3 iguanas
  A killer bee zombie (D:8)
  A hound skeleton (D:5)
  2 mummies
  Robin (D:3)
  6 gnolls
  10 adders
  A shadow imp (D:4)
  3 white imps
  An adder skeleton (D:5)
  3 worms
  2 dart slugs (D:2)
  40 orcs
  5 endoplasms
  A giant cockroach (D:3)
  18 goblins
  5 hobgoblins
  7 jackals
  19 kobolds
  2 quokkas
  2 ball pythons
  6 bats
  8 frilled lizards
  3 goblin zombies
  12 hobgoblin zombies (Ossuary)
  7 kobold zombies (Ossuary)
  6 orc zombies
  3 rats
  A rat zombie (Ossuary)
242 creatures vanquished.

Vanquished Creatures (collateral kills)
  A mummy (Ossuary)
  4 gnolls (D:5)
  An adder (D:5)
  An adder zombie (Ossuary)
  A goblin zombie (Ossuary)
  A jackal zombie (Ossuary)
  A kobold zombie (Ossuary)
10 creatures vanquished.

Vanquished Creatures (others)
  3 plants (D:4)
3 creatures vanquished.

Grand Total: 255 creatures vanquished

Notes
Turn   | Place    | Note
-------+----------+-------------------------------------------
     0 | D:1      | ZARRMARR the Octopode Conjurer began the quest for the Orb.
     0 | D:1      | Reached XP level 1. HP: 11/11 MP: 3/3
   119 | D:1      | Reached XP level 2. HP: 16/17 MP: 1/5
   971 | D:2      | Reached skill level 1 in Transmutations
   972 | D:2      | Reached XP level 3. HP: 21/21 MP: 3/6
  1035 | D:2      | Found a faded altar of an unknown god.
  1284 | D:2      | Reached skill level 1 in Unarmed Combat
  1284 | D:2      | Reached skill level 2 in Transmutations
  1420 | D:2      | Reached XP level 4. HP: 22/27 MP: 4/7
  2048 | D:3      | Noticed Robin
  2350 | D:3      | Killed Robin
  2351 | D:3      | Reached skill level 3 in Transmutations
  2415 | D:3      | Reached XP level 5. HP: 31/31 MP: 3/8
  2769 | D:3      | Found Afobbalo's Assorted Antiques.
  2777 | D:3      | Bought a scroll labelled ATWEYS TUNKELI for 22 gold pieces
  2777 | D:3      | Bought a scroll labelled BOEBET POTZIBU for 22 gold pieces
  3001 | D:3      | Found a hide-covered altar of Uskayaw.
  3544 | D:4      | Reached skill level 4 in Transmutations
  3577 | D:4      | Reached XP level 6. HP: 36/36 MP: 4/9
  3838 | D:4      | Noticed a black bear
  3847 | D:4      | Found a staircase to the Ecumenical Temple.
  4033 | D:3      | Reached skill level 5 in Transmutations
  4257 | D:4      | Reached XP level 7. HP: 41/41 MP: 2/10
  4343 | Temple   | Entered the Ecumenical Temple
  4522 | Temple   | Learned a level 5 spell: Blade Hands
  4656 | D:4      | Found Fifeyr's Book Shoppe.
  4758 | D:4      | Noticed Grinder
  4957 | D:5      | Entered Level 5 of the Dungeon
  4993 | D:5      | Reached skill level 6 in Transmutations
  5042 | D:5      | Found a burning altar of Makhleb.
  5158 | D:5      | Found a shimmering blue altar of Sif Muna.
  5159 | D:5      | Found a snail-covered altar of Cheibriados.
  5159 | D:5      | Found a sparkling altar of Nemelex Xobeh.
  5159 | D:5      | Found a sacrificial altar of Ru.
  5168 | D:5      | Became a worshipper of Sif Muna the Loreminder
  5326 | D:5      | Found a sand-covered staircase.
  5366 | Ossuary  | Entered an ossuary
  5720 | Ossuary  | Reached * piety under Sif Muna
  5929 | Ossuary  | Reached XP level 8. HP: 10/46 MP: 11/11
  5952 | Ossuary  | Reached skill level 7 in Transmutations
  6580 | D:5      | Found Recawkad's Gadget Gallery.
  6636 | D:5      | Reached skill level 5 in Unarmed Combat
  6832 | D:5      | Found a glowing golden altar of the Shining One.
  7002 | D:6      | Noticed a yak
  7002 | D:6      | Noticed a yak
  7560 | D:6      | Reached ** piety under Sif Muna
  7843 | D:6      | Found a radiant altar of Vehumet.
  7945 | D:6      | Reached skill level 8 in Transmutations
  8310 | D:6      | Noticed a yak
  8420 | D:7      | Noticed a yak
  8420 | D:7      | Noticed a yak
  8421 | D:7      | Noticed a yak
  8743 | D:6      | Reached XP level 9. HP: 39/48 MP: 12/12
  9122 | D:7      | Reached skill level 9 in Transmutations
  9864 | D:7      | Reached skill level 10 in Transmutations
 10961 | D:8      | Reached skill level 1 in Fighting
 11180 | D:8      | Reached *** piety under Sif Muna
 11388 | D:8      | Reached XP level 10. HP: 34/59 MP: 13/13
 11627 | D:8      | Found a staircase to the Lair.
 11963 | D:9      | Noticed a two-headed ogre
 12381 | D:10     | Entered Level 10 of the Dungeon
 12468 | D:10     | Found the -2 hat of the Alchemist {rElec rPois rF+ rC+ rN+
                  | Will+ rMut rCorr}
 12475 | D:10     | Found Moholum's General Store.
 12522 | D:10     | Found a staircase to the Orcish Mines.
 12605 | D:10     | Reached skill level 5 in Stealth
 12682 | D:10     | Mangled by a troll

Illustrated notes

Levels and vault maps discovered:
D:1:      dpeg_arrival_concentric_ovals, layout_loops_ring
D:2:      layout_basic, hellmonk_ecumenical_altar_arch_garden
D:3:      minmay_skewed_foursquare, layout_basic, mainiacjoe_overflow_alcove_4,
          serial_shops, shop_fountains, uniq_robin
D:4:      layout_rooms, minmay_temple_entry_arrows, grunt_ministairs_14,
          nicolae_wooded_promenade, guppyfry_early_lair_pool, uniq_grinder
D:5:      layout_basic, makhleb_heckhound_becter, grunt_temple_overflow_open,
          kennysheep_mini_moat, nicolae_ossuary_entry_giza, nicolae_shop_gadgets
D:6:      layout_loops_ring, lemuel_coloured_pillars_altar, bh_walls_and_bars
D:7:      layout_gridville
D:8:      layout_gridville, lair_entry_dummy
D:9:      layout_cave_pools, mainiacjoe_overflow_small_starburst, special_room
          [special_room_orc]
D:10:     layout_loops_ring, old_standard_altar,
          kennysheep_orc_monster_closet_entryway, serial_shops, shop,
          minivault_27
Temple:   minmay_temple_bridge_abc

Skill      XL: |  1  2  3  4  5  6  7  8  9 10 |
---------------+-------------------------------+-----
Transmutations | 1 2 3 4 5 6 8 10 | 10.6
Unarmed Combat | 1 2 3 4 6 7 8 |  8.4
Stealth        | 3 5 |  5.1
Fighting       | 1 2 |  2.7
Dodging        | 3 |  3.5
Spellcasting   | |  2.0
Conjurations   | |  4.6

Action                   |  1- 3 |  4- 6 |  7- 9 | 10-12 || total
-------------------------+-------+-------+-------+-------++-------
Melee: Unarmed           |    22 |    65 |   173 |    73 ||   333
       Constrict         |     5 |    19 |    28 |    12 ||    64
       Tentacles         |     2 |    11 |    27 |     3 ||    43
       Punch             |       |     1 |     5 |     4 ||    10
Throw: Throwing net      |       |       |     1 |       ||     1
 Cast: Magic Dart        |    48 |   126 |   249 |    20 ||   443
       Blade Hands       |       |       |    18 |    10 ||    28
Evoke: Wand              |       |       |     7 |       ||     7
  Use: Scroll            |       |     5 |    10 |     2 ||    17
       Potion            |       |     1 |     1 |       ||     2
 Stab: Held in net/web   |       |       |     2 |       ||     2
       Sleeping          |       |       |     1 |     1 ||     2
       Distracted        |       |       |       |     1 ||     1
Armor: Skin              |     1 |     1 |     9 |     2 ||    13
Dodge: Dodged            |    10 |    31 |    89 |    33 ||   163
